 Dungeon Crawl Stone Soup version 0.23.2-40-g277498a001 (webtiles) character file.

Game seed: 8331941903791038305

516 Upalonymistrz the Covered (level 7, -3/60 HPs)
             Began as a Minotaur Wanderer on Sept 29, 2019.
             Was an Initiate of Elyvilon.
             Killed from afar by Dowan (4 damage)
             ... with a puff of frost
             ... on level 3 of the Dungeon.
             The game lasted 00:24:48 (3601 turns).

Upalonymistrz the Covered (Minotaur Wanderer)       Turns: 3601, Time: 00:24:52

Health: -3/60      AC:  9    Str: 20    XL:     7   Next: 0%
Magic:  7/7        EV: 15    Int:  8    God:    Elyvilon [......]
Gold:   171        SH:  0    Dex: 14    Spells: 8/8 levels left

rFire    . . .     SeeInvis .   A - +0 flail
rCold    . . .     Gourm    .   (no shield)
rNeg     . . .     Faith    .   b - +2 scale mail
rPois    .         Spirit   .   (helmet restricted)
rElec    .         Reflect  .   l - scarf {repulsion}
rCorr    .         Harm     .   (no gloves)
MR       .....                  (no boots)
Stlth    +.........             (no amulet)
HPRegen  0.00/turn              (no ring)
MPRegen  0.10/turn              (no ring)

@: agile, drained, repel missiles
A: retaliatory headbutt, horns 2, inhibited regeneration, MP-powered wands
a: Renounce Religion


You were on level 3 of the Dungeon.
You worshipped Elyvilon.
Elyvilon was noncommittal.
You were not hungry.

You visited 1 branch of the dungeon, and saw 4 of its levels.

You collected 171 gold pieces.

Inventory:

Hand Weapons
 a - a +0 hand axe
 m - a cursed -2 mace
 t - a +0 spear
 w - a +0 trident
 y - a +2 dagger of venom
 A - a +0 flail (weapon)
Armour
 b - a +2 scale mail (worn)
 l - a scarf of repulsion (worn)
 x - a +0 ring mail
Jewellery
 o - a cursed amulet of inaccuracy
 s - a +1 ring of evasion {unknown}
Wands
 v - a wand of clouds (4)
Scrolls
 d - 3 scrolls of immolation {unknown}
 e - a scroll of identify
 f - a scroll of remove curse {unknown}
 g - 2 scrolls of amnesia {unknown}
 i - 3 scrolls of random uselessness {unknown}
 j - a scroll of magic mapping {unknown}
 q - 2 scrolls of enchant weapon {unknown}
 r - 2 scrolls of teleportation {unknown}
Potions
 c - a potion of lignification
 h - 3 potions of flight
 u - a potion of curing {unknown}
 z - a potion of magic
Comestibles
 n - a ration


   Skills:
 + Level 4.5(3.5) Fighting
 - Level 3.2(3.1) Axes
 * Level 2.6(2.4) Maces & Flails
 - Level 2.2(2.1) Polearms
 + Level 5.8(4.7) Armour
 + Level 2.2(1.3) Dodging
 - Level 0.2(0.0) Stealth
   Level 1.2(0.3) Shields
 - Level 1.0(0.1) Spellcasting
   Level 1.3(0.4) Poison Magic
 + Level 1.0(0.1) Evocations


You had 8 spell levels left.
You didn't know any spells.
Your spell library was empty.

Dungeon Overview and Level Annotations

Branches:
Dungeon (4/15)
 Temple: D:4-7

Altars:
Ashenzari
Elyvilon
Zin

Annotations:
D:3 Dowan, Duvessa


Innate Abilities, Weirdness & Mutations

You reflexively headbutt those who attack you in melee.
You have a pair of horns on your head.
You do not regenerate when monsters are visible.
You expend magic power (3 MP) to strengthen your wands.


Message History

You furiously retaliate!
You headbutt Duvessa, but do no damage. Dowan closely misses you.
Duvessa hits you with a +0 rapier!
* * * LOW HITPOINT WARNING * * *
Dowan says, "Stay away from my face!"
Dowan hits you but does no damage.
There is a stone staircase leading up, spattered with blood here.
Duvessa hits you but does no damage. Duvessa hits you with a +0 rapier.
* * * LOW HITPOINT WARNING * * *
Dowan hits you but does no damage.
You climb upwards.
There is a stone staircase leading down here.
It was a potion of agility.
You feel agile all of a sudden. Duvessa hits you with a +0 rapier!
* * * LOW HITPOINT WARNING * * *
Dowan generates a fountain of clear water, and laughs cruelly.
Dowan casts a spell at you. The puff of frost hits you.
You die...

#.....####......####...### #..
#.....###..#.####......# #..
#..........#.###.8..#..# #..
###...###.##..#....###.# #..
###....## #.###.#.8..#.#.# ##.
#....######<###......'_#.######)
#....# ##.....##..8..#.#.##.....
#....###.......#.....###.##.....
#....##.......e@#..8..#.........
#....##.......e.#........##.....
#....##.<.......#....#...##.....
#....##.........#....######.....
#....##.........#....# #.....
#....###..)....##....# #.....
#....##.........#....# ######
#######.........#....#
#.........#....#


You could see Duvessa and Dowan.

Vanquished Creatures
  An ogre (D:3)
  Blork the orc (D:3)
  A scorpion (D:3)
  A howler monkey (D:3)
  2 hounds
  An iguana (D:2)
  A howler monkey zombie (D:2)
  3 gnolls (D:3)
  6 adders
  2 worms (D:2)
  5 dart slugs
  3 leopard geckos
  5 orcs (D:3)
  4 giant cockroaches (D:1)
  6 hobgoblins
  10 jackals
  A quokka (D:2)
  A ball python (D:2)
  6 bats
  5 frilled lizards
  8 goblins
  8 kobolds
  7 rats
88 creatures vanquished.

Notes
Turn   | Place    | Note
-------+----------+-------------------------------------------
     0 | D:1      | Upalonymistrz the Minotaur Wanderer began the quest for the
                  | Orb.
     0 | D:1      | Upalonymistrz set off with the following items: a +0 hand
                  | axe, a +2 scale mail, a potion of lignification, a ration
     0 | D:1      | Reached XP level 1. HP: 18/18 MP: 1/1
    64 | D:1      | Reached XP level 2. HP: 19/26 MP: 2/2
   113 | D:1      | Reached skill level 3 in Armour
   281 | D:1      | Reached XP level 3. HP: 25/31 MP: 3/3
   920 | D:2      | Reached XP level 4. HP: 15/38 MP: 4/4
  1346 | D:2      | Reached skill level 4 in Armour
  1642 | D:2      | Reached skill level 1 in Dodging
  1667 | D:2      | Gained mutation: You can translocate small distances at
                  | will. [potion of mutation]
  1667 | D:2      | Gained mutation: You have a somewhat thin skeletal
                  | structure. (Dex +2, Stealth) [potion of mutation]
  1668 | D:2      | Lost mutation: You can translocate small distances at will.
                  | [potion of mutation]
  1668 | D:2      | Lost mutation: You have a somewhat thin skeletal structure.
                  | (Dex +2, Stealth) [potion of mutation]
  1668 | D:2      | Gained mutation: You are clumsy. (Dex -2) [potion of
                  | mutation]
  1668 | D:2      | Gained mutation: Your mind is acute. (Int +2) [potion of
                  | mutation]
  1669 | D:2      | Lost mutation: Your mind is acute. (Int +2) [potion of
                  | mutation]
  1669 | D:2      | Lost mutation: You are clumsy. (Dex -2) [potion of
                  | mutation]
  1669 | D:2      | Gained mutation: You do not regenerate when monsters are
                  | visible. [potion of mutation]
  1669 | D:2      | Gained mutation: You expend magic power (3 MP) to
                  | strengthen your wands. [potion of mutation]
  1686 | D:2      | Reached XP level 5. HP: 41/45 MP: 5/5
  1969 | D:2      | Reached skill level 1 in Polearms
  2258 | D:3      | Found a shattered altar of Ashenzari.
  2369 | D:3      | Found a white marble altar of Elyvilon.
  2377 | D:3      | Became a worshipper of Elyvilon the Healer
  2406 | D:3      | Found a glowing silver altar of Zin.
  2860 | D:4      | Noticed Blork the orc
  2860 | D:4      | Noticed Dowan
  2863 | D:4      | Noticed an ogre
  2894 | D:4      | Noticed Duvessa
  2909 | D:3      | Reached skill level 5 in Armour
  2909 | D:3      | Reached XP level 6. HP: 26/52 MP: 6/6
  3067 | D:3      | Reached skill level 1 in Maces & Flails
  3214 | D:3      | Killed Blork the orc
  3387 | D:3      | Reached XP level 7. HP: 29/60 MP: 7/7
  3601 | D:3      | HP: 1/60 [Duvessa/+0 rapier (10)]
  3601 | D:3      | Killed from afar by Dowan

Skill      XL: |  1  2  3  4  5  6 |
---------------+-------------------+-----
Fighting       | 3 4 |  4.5
Armour         | 3 4 5 |  5.8
Axes           | 2 3 |  3.2
Dodging        | 1 2 |  2.2
Polearms       | 2 |  2.2
Maces & Flails | 2 |  2.6
Stealth        | |  0.2
Shields        | |  1.2
Spellcasting   | |  1.0
Poison Magic   | |  1.3
Evocations     | |  1.0

Action                   |  1- 3 |  4- 6 |  7- 9 || total
-------------------------+-------+-------+-------++-------
Melee: Hand axe          |    99 |    28 |       ||   127
       Headbutt          |    12 |    19 |     1 ||    32
       Spear             |       |    47 |       ||    47
       Trident           |       |    40 |       ||    40
       Flail             |       |    24 |     9 ||    33
  Use: Scroll            |     2 |     2 |       ||     4
       Potion            |       |     6 |     1 ||     7
  Eat: Ration            |       |     1 |     1 ||     2
       Chunk             |       |     4 |       ||     4
Armor: Scale mail        |    70 |    78 |     3 ||   151
Dodge: Dodged            |    66 |   106 |     6 ||   178
       Deflected         |     2 |     2 |     2 ||     6
